General information
- name: BNet
- type: Ladder 1vs1/FFA
- host: Battle.net
- saver: GoblinFingerer
map: EchoIsles
- players: 2
- length: 17:14
- speed: Fast
- version: 1.26 W3XP
- replay type: Public
» download(50 KB)
Players
team 1 (winner)
GoblinFingerer (
red | 64 APM | 1111 actions | 17:14)
6 Goblin Tinker
3 Pocket Factory
2 Engineering Upgrade
1 Robo-Goblin
» actions
| Assign group hotkey | 47 | |
| Basic commands | 55 | |
| Build / train | 78 | |
| ESC pressed | 2 | |
| Enter build submenu | 34 | |
| Enter hero's abilities submenu | 6 | |
| Give item / drop item | 4 | |
| Remove unit from queue | 2 | |
| Right click | 383 | |
| Select / deselect | 265 | |
| Select group hotkey | 154 | |
| Use ability | 81 | |
1111 total
» units
| Peon | 25 | |
| Grunt | 6 | |
| Troll Headhunter/Berserker | 5 | |
| Forest Troll Shadow Priest | 1 | |
| Forest Troll Berserker | 2 | |
| Ogre Mauler | 1 | |
| Troll Batrider | 7 | |
47 total
» upgrades
| Armor | 1 | |
| Ranged Weapons | 2 | |
| Berserker Upgrade | 1 | |
| Troll Regeneration | 1 | |
| Liquid Fire | 1 | |
| Reinforced Defenses | 1 | |
7 total
» buildings
| Barracks | 1 | |
| Orc Burrow | 7 | |
| Altar of Storms | 1 | |
| War Mill | 1 | |
| Watch Tower | 15 | |
| Great Hall | 1 | |
| Voodoo Lounge | 1 | |
| Stronghold | 1 | |
| Fortress | 1 | |
| Beastiary | 3 | |
32 total
» build order
00:05 Barracks
00:20 Orc Burrow
01:20 Altar of Storms
01:36 Orc Burrow
02:37 War Mill
03:52 Orc Burrow
03:55 Watch Tower
04:14 Great Hall
04:21 Watch Tower
04:32 Watch Tower
05:16 Watch Tower
05:58 Watch Tower
06:22 Voodoo Lounge
07:05 Watch Tower
07:09 Watch Tower
07:27 Watch Tower
07:41 Watch Tower
08:47 Watch Tower
09:27 Stronghold
09:34 Orc Burrow
09:34 Orc Burrow
09:38 Orc Burrow
10:16 Orc Burrow
10:39 Watch Tower
10:39 Watch Tower
11:41 Watch Tower
11:41 Watch Tower
11:52 Fortress
13:08 Watch Tower
13:14 Beastiary
13:17 Beastiary
13:19 Beastiary
» items
| Healing Salve | 1 | |
| Lesser Clarity Potion | 2 | |
| Scroll of Speed | 1 | |
| Boots of Speed | 1 | |
| Potion of Lesser Invulnerability | 1 | |
| Orb of Lightning | 1 | |
| Potion of Healing | 1 | |
| Potion of Invisibility | 1 | |
9 total
team 2 (loser)

»
captainp0nch0 (
teal | 46 APM | 788 actions | 17:12)
4 Warden
2 Shadow Strike
2 Blink
2 Priestess of the Moon
1 Trueshot Aura
1 Scout
» actions
| Assign group hotkey | 10 | |
| Build / train | 61 | |
| Enter build submenu | 24 | |
| Enter hero's abilities submenu | 6 | |
| Remove unit from queue | 4 | |
| Right click | 332 | |
| Select / deselect | 290 | |
| Select group hotkey | 32 | |
| Use ability | 29 | |
788 total
» units
| Wisp | 17 | |
| Archer | 8 | |
| Huntress | 2 | |
| Hippogryph | 3 | |
| Druid of the Talon | 3 | |
33 total
» upgrades
| Strength of the Moon | 3 | |
| Moon Armor | 2 | |
| Improved Bows | 1 | |
| Ultravision | 0 | |
| Hippogryph Taming | 1 | |
| Marksmanship | 1 | |
| Nature's Blessing | 1 | |
| Druid of the Talon Training | 2 | |
| Well Spring | 1 | |
12 total
» buildings
| Altar of Elders | 1 | |
| Moon Well | 7 | |
| Ancient of War | 2 | |
| Ancient of Wonders | 1 | |
| Hunter's Hall | 1 | |
| Tree of Ages | 1 | |
| Tree of Eternity | 1 | |
| Ancient of Wind | 2 | |
| Tree of Life | 1 | |
| Ancient Protector | 5 | |
22 total
» build order
00:07 Altar of Elders
00:19 Moon Well
01:01 Moon Well
01:36 Ancient of War
01:53 Ancient of War
02:11 Moon Well
02:39 Ancient of Wonders
03:09 Moon Well
03:28 Hunter's Hall
04:29 Tree of Ages
06:53 Tree of Eternity
07:55 Ancient of Wind
09:01 Ancient of Wind
11:16 Moon Well
12:07 Moon Well
12:10 Moon Well
13:55 Tree of Life
14:22 Ancient Protector
15:01 Ancient Protector
15:30 Ancient Protector
15:44 Ancient Protector
16:24 Ancient Protector
» items
| Dust of Appearance | 1 | |
| Lesser Clarity Potion | 1 | |
2 total
Chat log
(17:03 / All) captainp0nch0: wow
(17:05 / All) captainp0nch0: youre pretty awesome
(17:06 / All) captainp0nch0: -=_-
(17:07 / All) captainp0nch0: good game